 Dungeon Crawl Stone Soup version 0.27-a0-1324-ge0d8e047f6 (webtiles) character file.

Game seed: 4858053627930971463

116 Alarak the Ducker (level 5, -3/47 HPs)
             Began as a Gnoll Monk on June 23, 2021.
             Slain by Sigmund (6 damage)
             ... on level 2 of the Dungeon.
             The game lasted 00:04:18 (2312 turns).

Alarak the Ducker (Gnoll Monk)                      Turns: 2312, Time: 00:04:19

Health: -3/47      AC:  3    Str: 12    XL:     5   Next: 1%
Magic:  6/6        EV: 15    Int:  9    God:
Gold:   90         SH:  0    Dex: 14    Spells: 6/6 levels left

rFire    . . .     SeeInvis .   m - +2 mace (vorpal)
rCold    . . .     Faith    .   (no shield)
rNeg     . . .     Spirit   .   b - +0 robe
rPois    .         Reflect  .   (no helmet)
rElec    .         Harm     +   l - scarf {harm}
rCorr    .         Rampage  .   h - +0 pair of gloves
Will     .....                  (no boots)
Stlth    +.........             (no amulet)
HPRegen  0.15/turn              (no ring)
MPRegen  0.10/turn              (no ring)

@: confused
A: fangs 1, strong nose, distributed training
a: no special abilities


You were on level 2 of the Dungeon.
You visited 1 branch of the dungeon, and saw 3 of its levels.

You collected 90 gold pieces.

Inventory:

Hand Weapons
 a - a +0 falchion
 m - a +2 vorpal mace (weapon)
Armour
 b - a +0 robe (worn)
 h - a +0 pair of gloves (worn)
 l - a scarf of harm (worn)
Scrolls
 d - a scroll of blinking {unknown}
 e - 2 scrolls of fog {unknown}
 g - a scroll of identify {unknown}
 k - a scroll of teleportation {unknown}
Potions
 c - a potion of lignification {unknown}
 f - a potion of heal wounds {unknown}
 i - a potion of invisibility {unknown}
 j - a potion of flight {unknown}


   Skills:
 + Level 6.6 Fighting
 + Level 1.3 Short Blades
 + Level 6.6 Long Blades
 + Level 1.3 Axes
 + Level 1.3 Maces & Flails
 + Level 1.3 Polearms
 + Level 1.3 Staves
 + Level 1.3 Slings
 + Level 1.3 Bows
 + Level 1.3 Crossbows
 + Level 1.3 Throwing
 + Level 1.3 Armour
 + Level 6.6 Dodging
 + Level 4.3 Stealth
 + Level 1.3 Shields
 + Level 1.3 Unarmed Combat
 + Level 1.3 Spellcasting
 + Level 1.0 Conjurations
 + Level 1.0 Hexes
 + Level 1.0 Summonings
 + Level 1.0 Necromancy
 + Level 1.0 Translocations
 + Level 1.0 Transmutations
 + Level 1.0 Fire Magic
 + Level 1.0 Ice Magic
 + Level 1.0 Air Magic
 + Level 1.0 Earth Magic
 + Level 1.0 Poison Magic
 + Level 1.4 Invocations
 + Level 1.3 Evocations


You had 6 spell levels left.
You didn't know any spells.
Your spell library was empty.

Dungeon Overview and Level Annotations

Branches:
Dungeon (3/15)

Altars:
Xom

Shops:
D:2 [

Annotations:
D:2 Sigmund


Innate Abilities, Weirdness & Mutations

You have very sharp teeth.
Your uncanny sense of smell can sniff out nearby items.
Your experience applies equally to all skills.


Message History

Level annotation: Sigmund
There is a stone staircase leading down here.
Sigmund hits you with a +0 scythe!
You closely miss Sigmund.
Sigmund is moderately wounded.
Sigmund misses you.
You hit Sigmund but do no damage.
Sigmund is moderately wounded.
Sigmund closely misses you.
A hobgoblin comes into view.
Sigmund hits you but does no damage.
The hobgoblin shouts!
You barely miss Sigmund.
Sigmund is moderately wounded.
Sigmund mumbles some strange words.
Sigmund flickers and vanishes!
Deactivating autopickup; reactivate with Ctrl-A.
The hobgoblin misses you.
You barely miss something. Something hits you. The hobgoblin hits you.
You closely miss something. Something hits you.
The hobgoblin closely misses you. Something hits you.
You miss something. The hobgoblin misses you.
You hear some strange, mumbled words.
You are confused.
The hobgoblin closely misses you.
You bump into the rock wall.
Something hits you. The hobgoblin misses you.
You hit something. Something hits you!
* * * LOW HITPOINT WARNING * * *
The hobgoblin hits you but does no damage.
You bump into the rock wall.
Something hits you.
* * * LOW HITPOINT WARNING * * *
The hobgoblin misses you.
You completely miss something. Your bite misses something. Something hits you.
* * * LOW HITPOINT WARNING * * *
The hobgoblin hits you.
* * * LOW HITPOINT WARNING * * *
Something barely misses you.
You bump into the rock wall.
The hobgoblin closely misses you. Something hits you.
You die...

#.... ### ###....
....
#.#########......
#....
#........#.#....
...#
##..............
..###....###.#>#####
#.#.##.####....####
###
#g#.........#.....
....#
#@#..#.###....####
#.......{.#.#.#
#.#.## #
#.#.#######.###
#.#.##### ..
#.#.######...#
#.#...... #.#
#.#.#........#
#.####### #.#
#.#.#.####...# #.#
#.###.#....# ##.##
#.# #.##...##..# #.#
#.# #.#.#.#.#..#
##.## #.#


You could see a hobgoblin.

Vanquished Creatures
  Terence (D:2)
  3 gnolls (D:2)
  An adder (D:2)
  2 worms (D:2)
  3 dart slugs
  4 ball pythons
  5 bats
  5 endoplasms
  2 giant cockroaches
  5 hobgoblins (D:1)
  2 quokkas
  A frilled lizard (D:2)
  3 goblins (D:2)
  3 kobolds
  2 rats (D:1)
42 creatures vanquished.

Notes
Turn   | Place    | Note
-------+----------+-------------------------------------------
     0 | D:1      | Alarak the Gnoll Monk began the quest for the Orb.
     0 | D:1      | Reached XP level 1. HP: 23/23 MP: 1/1
    60 | D:1      | Reached XP level 2. HP: 24/29 MP: 2/2
   569 | D:1      | Reached XP level 3. HP: 30/35 MP: 3/3
   619 | D:1      | Found a faded altar of an unknown god.
   954 | D:2      | Reached skill level 1 in Invocations
  1093 | D:2      | Found Yrutal's Antique Armour Shop.
  1159 | D:2      | Reached skill level 1 in Short Blades
  1159 | D:2      | Reached skill level 1 in Axes
  1159 | D:2      | Reached skill level 1 in Maces & Flails
  1159 | D:2      | Reached skill level 1 in Polearms
  1159 | D:2      | Reached skill level 1 in Staves
  1159 | D:2      | Reached skill level 1 in Slings
  1159 | D:2      | Reached skill level 1 in Bows
  1159 | D:2      | Reached skill level 1 in Crossbows
  1159 | D:2      | Reached skill level 1 in Throwing
  1159 | D:2      | Reached skill level 1 in Armour
  1159 | D:2      | Reached skill level 1 in Shields
  1159 | D:2      | Reached skill level 1 in Unarmed Combat
  1159 | D:2      | Reached skill level 1 in Spellcasting
  1159 | D:2      | Reached skill level 1 in Evocations
  1250 | D:2      | Found a shimmering altar of Xom.
  1351 | D:2      | Noticed Terence
  1567 | D:2      | Reached XP level 4. HP: 41/41 MP: 5/5
  1635 | D:2      | HP: 1/41 [gnoll (4)]
  1637 | D:2      | Reached skill level 1 in Conjurations
  1637 | D:2      | Reached skill level 1 in Hexes
  1637 | D:2      | Reached skill level 1 in Summonings
  1637 | D:2      | Reached skill level 1 in Necromancy
  1637 | D:2      | Reached skill level 1 in Translocations
  1637 | D:2      | Reached skill level 1 in Transmutations
  1637 | D:2      | Reached skill level 1 in Fire Magic
  1637 | D:2      | Reached skill level 1 in Ice Magic
  1637 | D:2      | Reached skill level 1 in Air Magic
  1637 | D:2      | Reached skill level 1 in Earth Magic
  1637 | D:2      | Reached skill level 1 in Poison Magic
  1963 | D:2      | Killed Terence
  1964 | D:2      | Reached XP level 5. HP: 23/47 MP: 6/6
  2240 | D:2      | Noticed Sigmund
  2312 | D:2      | Slain by Sigmund

Illustrated notes

Levels and vault maps discovered:
D:1:      matt_arrival_los_fun, layout_loops_ring,
          shapermc_ecumenical_altar_notcrosses
D:2:      layout_loops_ring, serial_shops, shop, basic_altar, uniq_terence,
          uniq_sigmund
D:3:      layout_basic, tso_metal_star, cheibrodos_sewer_entry_bend,
          uniq_grinder

Skill      XL: |  1  2  3  4 |
---------------+-------------+-----
Invocations    | 1 |  1.4
Short Blades   | 1 |  1.3
Axes           | 1 |  1.3
Maces & Flails | 1 |  1.3
Polearms       | 1 |  1.3
Staves         | 1 |  1.3
Slings         | 1 |  1.3
Bows           | 1 |  1.3
Crossbows      | 1 |  1.3
Throwing       | 1 |  1.3
Armour         | 1 |  1.3
Shields        | 1 |  1.3
Unarmed Combat | 1 |  1.3
Spellcasting   | 1 |  1.3
Evocations     | 1 |  1.3
Conjurations   | 1 |  1.0
Hexes          | 1 |  1.0
Summonings     | 1 |  1.0
Necromancy     | 1 |  1.0
Translocations | 1 |  1.0
Transmutations | 1 |  1.0
Fire Magic     | 1 |  1.0
Ice Magic      | 1 |  1.0
Air Magic      | 1 |  1.0
Earth Magic    | 1 |  1.0
Poison Magic   | 1 |  1.0
Fighting       | |  6.6
Long Blades    | |  6.6
Dodging        | |  6.6
Stealth        | |  4.3

Action                   |  1- 3 |  4- 6 || total
-------------------------+-------+-------++-------
Melee: Falchion          |   104 |    40 ||   144
       Bite              |     7 |     2 ||     9
       Unarmed           |     2 |       ||     2
       Mace              |       |    14 ||    14
 Stab: Sleeping          |    16 |     1 ||    17
Armor: Robe              |    15 |     5 ||    20
Dodge: Dodged            |    77 |    38 ||   115
       Rpst.: Falchion   |    21 |     4 ||    25

Table legend: (Time is in decaauts)
 A = Elapsed time spent in this place.
 B = Non-inter-level travel time spent in this place.
 C = Inter-level travel time spent in this place.
 D = Time resting spent in this place.
 E = Time spent auto-exploring this place.
 F = Levels seen in this place.
 G = Mean time per level.
                   A        B        C        D        E       F      G
               +--------+--------+--------+--------+--------+-----+--------+
         Total |   2288 |   2209 |     79 |    658 |   1177 |   3 |  762.7 |
       Dungeon |   2288 |   2209 |     79 |    658 |   1177 |   3 |  762.7 |
               +--------+--------+--------+--------+--------+-----+--------+

Top non-repeatable levels by time:
     D:2: 1293 daAuts
     D:1: 947 daAuts
     D:3: 47 daAuts
